Tamiflu vs Manchots
Created - 22 février 2013 at 19:04
Goals
|
| Tamiflu |
0 |
3 |
0 |
3 |
| Manchots |
0 |
4 |
1 |
5 |
|
Shots
|
| Tamiflu |
12 |
12 |
11 |
35 |
| Manchots |
7 |
13 |
12 |
32 |
|
1st period
No Goal
Penalties :
No Penalty
2nd period
1. Manchots , Fredrik Sjostrom 20 (Petr Sykora, Hal Gill) at 0:46
2. Tamiflu , Carson Mcmillan 1 (Freddy Meyer) at 3:19
3. Manchots , Alexander Radulov 10 (Martin Hanzal) at 3:38 (PP)
4. Manchots , Wade Belak 17 (Jamie Benn, Kris Russell) at 4:46
5. Tamiflu , Nate Thompson 20 (Alex Picard) at 4:55
6. Manchots , Wade Belak 18 (Tyler Kennedy, Hal Gill) at 5:45
7. Tamiflu , Alex Picard 25 (Mike Brown) at 7:36
Penalties :
Freddy Meyer (Det) for Tripping (Minor) at 3:36, Denis Arkhipov (Out) for Roughing (Minor) at 10:13
3rd period
8. Manchots , Alexander Radulov 11 (Martin Hanzal) at 15:10
Penalties :
Mike Brown (Det) for High sticking (Minor) at 2:45, Pernell Karl Subban (Out) for Goalie Interference (Minor) at 18:48
Goalie Stats
Corey Crawford (Det), 10 saves from 14 shots - (0,714), L, 12-10-2, 25:45 minutes
Jussi Markkanen (Det), 17 saves from 18 shots - (0,944), 34:15 minutes
Ondrej Pavelec (Out), 32 saves from 35 shots - (0,914), W, 13-7-3, 60:00 minutes
Players Stats for Tamiflu
Player Name G A P +/- PIM S H SB GA TA FO MP PP MP PK MP
------------------------------------------------------------------------------------
Alex Picard 1 1 2 1 0 4 1 0 1 0 0/0 20:50 1:47 1:05
Carson Mcmillan 1 0 1 0 0 1 0 0 0 2 0/0 9:43 0:11 0:29
Freddy Meyer 0 1 1 0 2 0 0 0 0 0 0/0 20:45 1:20 1:09
Greg Mauldin 0 0 0 -1 0 0 0 1 0 0 3/6 12:22 0:11 0:00
Jan Mursak 0 0 0 -1 0 0 0 0 0 0 0/0 12:02 0:00 0:00
Jani Rita 0 0 0 -1 0 6 3 0 0 1 0/0 17:25 1:12 0:27
Jonathan Sigalet 0 0 0 -1 0 2 1 1 0 1 0/0 25:32 1:50 0:50
Jordan Hendry 0 0 0 0 0 4 1 0 0 1 0/0 20:29 1:20 0:50
Kyle Lawson 0 0 0 0 0 0 0 1 0 0 0/0 13:40 0:00 0:00
Mike Brown 0 1 1 1 2 4 3 0 0 0 1/2 19:46 1:47 0:00
Nate Thompson 1 0 1 1 0 2 1 0 1 2 16/34 20:14 1:47 0:29
Nathan Oystrick 0 0 0 0 0 0 3 0 0 1 0/0 13:42 0:00 0:02
Pavel Trnka 0 0 0 -1 0 4 1 0 0 1 0/0 25:51 1:50 1:11
Petr Pohl 0 0 0 -1 0 0 2 1 0 0 0/0 16:56 1:12 0:00
Pierre Dagenais 0 0 0 -1 0 2 1 0 1 0 0/0 12:51 0:11 0:27
Radek Bonk 0 0 0 -1 0 5 5 1 1 1 7/17 18:01 1:12 1:05
Rich Clune 0 0 0 0 0 0 2 0 0 0 0/0 8:54 0:00 0:00
Tyler Haskins 0 0 0 0 0 1 0 0 0 0 0/0 8:54 0:00 0:00
Players Stats for Manchots
Player Name G A P +/- PIM S H SB GA TA FO MP PP MP PK MP
------------------------------------------------------------------------------------
Alexander Radulov 2 0 2 0 0 10 2 1 2 1 0/1 17:41 1:08 0:00
Cal Clutterbuck 0 0 0 0 0 0 0 0 0 0 0/0 9:15 0:00 0:00
Denis Arkhipov 0 0 0 0 2 2 1 0 1 0 4/4 10:19 0:00 0:55
Eric Gryba 0 0 0 -1 0 0 0 1 0 0 0/0 13:11 0:00 0:00
Eric Tangradi 0 0 0 2 0 0 1 0 0 0 0/0 11:29 0:00 0:00
Fredrik Sjostrom 1 0 1 -1 0 1 1 0 1 0 0/0 18:57 0:53 0:32
Hal Gill 0 2 2 3 0 1 2 1 0 1 0/0 23:17 0:47 1:36
Ilkka Heikkinen 0 0 0 2 0 1 0 0 0 1 0/0 20:21 1:14 1:34
Jamie Benn 0 1 1 0 0 0 3 1 0 0 1/3 18:28 1:08 0:47
Jordan LaVallee 0 0 0 0 0 3 0 0 2 0 0/0 9:15 0:00 0:00
Kris Russell 0 1 1 -1 0 0 1 0 0 1 0/0 22:58 0:47 1:34
Logan Couture 0 0 0 -1 0 1 2 0 0 0 10/22 19:11 0:53 0:56
Martin Hanzal 0 2 2 0 0 2 1 0 1 0 15/25 18:28 1:08 0:47
Pernell Karl Subban 0 0 0 0 2 0 4 2 0 0 0/0 25:03 1:14 0:00
Petr Sykora 0 1 1 -1 0 5 1 0 0 0 0/0 20:06 0:53 1:51
Richard Petiot 0 0 0 -1 0 1 1 1 0 0 0/0 15:09 0:00 1:36
Tyler Kennedy 0 1 1 2 0 1 2 0 1 0 2/4 12:11 0:00 0:32
Wade Belak 2 0 2 2 0 4 0 1 2 0 0/0 11:29 0:00 0:00
3 Stars
1 - Wade Belak (Out)
2 - Alexander Radulov (Out)
3 - Hal Gill (Out)
Power Play
Tamiflu - 0 on 2 Attempt(s) - 0,00%
Manchots - 1 on 2 Attempt(s) - 50,00%
Penalty Kill
Tamiflu - 1 on 2 Attempt(s) - 50,00%
- Score 0 goal in Penalty Kill
Manchots - 2 on 2 Attempt(s) - 100,00%
- Score 0 goal in Penalty Kill
Official
Referees : Peel Tim and LaRue Dennis
Linesman : Ryan Galloway and Tony Sericolo
Game Notes
Jussi Markkanen enters game at 5:45 of 2nd period
Tamiflu
5 vs 5 Forward
Center Left Wing Right Wing Time % Phy DF OF
1 Nate Thompson Alex Picard Mike Brown 40 0 1 4
2 Radek Bonk Jani Rita Petr Pohl 30 0 1 4
3 Greg Mauldin Jan Mursak Pierre Dagenais 20 0 2 3
4 Tyler Haskins Rich Clune Carson Mcmillan 10 0 3 2
5 vs 5 Defense
Defense Defense Time % Phy DF OF
1 Jonathan Sigalet Pavel Trnka 40 0 2 3
2 Freddy Meyer Jordan Hendry 30 0 2 3
3 Nathan Oystrick Kyle Lawson 20 0 3 2
4 Jonathan Sigalet Pavel Trnka 10 0 2 3
PowerPlay Forward
Center Left Wing Right Wing Time % Phy DF OF
1 Nate Thompson Alex Picard Mike Brown 60 0 1 4
2 Radek Bonk Jani Rita Petr Pohl 40 0 1 4
PowerPlay Defense
Defense Defense Time % Phy DF OF
1 Jonathan Sigalet Pavel Trnka 60 0 2 3
2 Freddy Meyer Jordan Hendry 40 0 2 3
Penalty Kill 4 Players Forward
Center Wing Time % Phy DF OF
1 Radek Bonk Alex Picard 60 0 4 1
2 Nate Thompson Carson Mcmillan 40 0 4 1
Penalty Kill 4 Players Defense
Defense Defense Time % Phy DF OF
1 Freddy Meyer Pavel Trnka 60 0 4 1
2 Jonathan Sigalet Jordan Hendry 40 0 4 1
Penalty Kill - 3 Players Forward
Forward Time % Phy DF OF
1 Radek Bonk 60 0 4 1
2 Nate Thompson 40 0 4 1
Penalty Kill - 3 Players Defense
Defense Defense Time % Phy DF OF
1 Freddy Meyer Pavel Trnka 60 0 4 1
2 Jonathan Sigalet Jordan Hendry 40 0 4 1
4 vs 4 Forward
Center Wing Time % Phy DF OF
1 Nate Thompson Alex Picard 60 0 2 3
2 Radek Bonk Petr Pohl 40 0 2 3
4 vs 4 Defense
Defense Defense Time % Phy DF OF
1 Jonathan Sigalet Pavel Trnka 60 0 2 3
2 Freddy Meyer Jordan Hendry 40 0 2 3
Last Minutes Offensive
Center Left Wing Right Wing Defense Defense
Nate Thompson Alex Picard Mike Brown Jonathan Sigalet Pavel Trnka
Last Minutes Defensive
Center Left Wing Right Wing Defense Defense
Radek Bonk Alex Picard Carson Mcmillan Freddy Meyer Pavel Trnka
Goaltenders
Starting : Corey Crawford
Backup : Jussi Markkanen
Extra Forwards
Normal : Greg Mauldin, Tyler Haskins, Pierre Dagenais - PP : Pierre Dagenais, Greg Mauldin - PK : Pierre Dagenais
Extra Defensemen
Normal : Jordan Hendry, Nathan Oystrick, Pavel Trnka - PP : Nathan Oystrick - PK : Nathan Oystrick, Jordan Hendry
Penalty Shots
Radek Bonk, Pierre Dagenais, Alex Picard, Jani Rita, Greg Mauldin
Manchots
5 vs 5 Forward
Center Left Wing Right Wing Time % Phy DF OF
1 Martin Hanzal Jamie Benn Alexander Radulov 38 0 1 4
2 Logan Couture Fredrik Sjostrom Petr Sykora 37 0 1 4
3 Tyler Kennedy Eric Tangradi Wade Belak 18 1 1 3
4 Denis Arkhipov Jordan LaVallee Cal Clutterbuck 7 1 1 3
5 vs 5 Defense
Defense Defense Time % Phy DF OF
1 Pernell Karl Subban Kris Russell 40 1 2 2
2 Ilkka Heikkinen Hal Gill 30 1 2 2
3 Eric Gryba Richard Petiot 17 1 2 2
4 Hal Gill Pernell Karl Subban 13 1 1 3
PowerPlay Forward
Center Left Wing Right Wing Time % Phy DF OF
1 Martin Hanzal Jamie Benn Alexander Radulov 60 1 1 3
2 Logan Couture Fredrik Sjostrom Petr Sykora 40 1 1 3
PowerPlay Defense
Defense Defense Time % Phy DF OF
1 Ilkka Heikkinen Pernell Karl Subban 60 1 1 3
2 Hal Gill Kris Russell 40 1 1 3
Penalty Kill 4 Players Forward
Center Wing Time % Phy DF OF
1 Denis Arkhipov Petr Sykora 60 1 2 2
2 Tyler Kennedy Fredrik Sjostrom 40 1 2 2
Penalty Kill 4 Players Defense
Defense Defense Time % Phy DF OF
1 Hal Gill Richard Petiot 60 1 2 2
2 Ilkka Heikkinen Kris Russell 40 1 2 2
Penalty Kill - 3 Players Forward
Forward Time % Phy DF OF
1 Denis Arkhipov 60 1 2 2
2 Tyler Kennedy 40 1 2 2
Penalty Kill - 3 Players Defense
Defense Defense Time % Phy DF OF
1 Kris Russell Hal Gill 60 1 2 2
2 Richard Petiot Ilkka Heikkinen 40 1 2 2
4 vs 4 Forward
Center Wing Time % Phy DF OF
1 Martin Hanzal Petr Sykora 60 1 1 3
2 Logan Couture Fredrik Sjostrom 40 1 1 3
4 vs 4 Defense
Defense Defense Time % Phy DF OF
1 Pernell Karl Subban Ilkka Heikkinen 60 1 1 3
2 Hal Gill Richard Petiot 40 1 1 3
Last Minutes Offensive
Center Left Wing Right Wing Defense Defense
Martin Hanzal Fredrik Sjostrom Petr Sykora Ilkka Heikkinen Pernell Karl Subban
Last Minutes Defensive
Center Left Wing Right Wing Defense Defense
Denis Arkhipov Fredrik Sjostrom Petr Sykora Richard Petiot Hal Gill
Goaltenders
Starting : Ondrej Pavelec
Backup : Sebastien Caron
Extra Forwards
Normal : Fredrik Sjostrom, Martin Hanzal, Petr Sykora - PP : Petr Sykora, Fredrik Sjostrom - PK : Denis Arkhipov
Extra Defensemen
Normal : Hal Gill, Pernell Karl Subban, Kris Russell - PP : Pernell Karl Subban - PK : Ilkka Heikkinen, Hal Gill
Penalty Shots
Martin Hanzal, Fredrik Sjostrom, Petr Sykora, Logan Couture, Denis Arkhipov
% Time on Ice - Tamiflu
Lines # - Real PCT - Wanted PCT - Time Play
Normal Forward
1 - 33% - 40% - 18:09
2 - 29% - 30% - 15:44
3 - 22% - 20% - 12:02
4 - 16% - 10% - 8:54
Normal Defense
1 - 37% - 40% - 20:22
2 - 33% - 30% - 18:19
3 - 25% - 20% - 13:40
4 - 4% - 10% - 2:28
PP Forward
1 - 62% - 60% - 1:58
2 - 38% - 40% - 1:12
PP Defense
1 - 58% - 60% - 1:50
2 - 42% - 40% - 1:20
PK Forward
1 - 76% - 60% - 1:32
2 - 24% - 40% - 0:29
PK Defense
1 - 59% - 60% - 1:11
2 - 41% - 40% - 0:50
PK3 Forward
1 - 0% - 60%
2 - 0% - 40%
PK3 Defense
1 - 0% - 60%
2 - 0% - 40%
44 Forward
1 - 0% - 60%
2 - 0% - 40%
44 Defense
1 - 0% - 60%
2 - 0% - 40%
Last Minute Offensive - 0:00
Last Minute Defensive - 0:00
Total
Forward - 60:00
Defense - 60:00
|
% Time on Ice - Manchots
Lines # - Real PCT - Wanted PCT - Time Play
Normal Forward
1 - 30% - 38% - 16:43
2 - 32% - 37% - 17:22
3 - 21% - 18% - 11:29
4 - 17% - 7% - 9:15
Normal Defense
1 - 38% - 40% - 20:47
2 - 30% - 30% - 16:17
3 - 24% - 17% - 13:11
4 - 8% - 13% - 4:34
PP Forward
1 - 56% - 60% - 1:08
2 - 44% - 40% - 0:53
PP Defense
1 - 61% - 60% - 1:14
2 - 39% - 40% - 0:47
PK Forward
1 - 92% - 60% - 2:55
2 - 8% - 40% - 0:15
PK Defense
1 - 51% - 60% - 1:36
2 - 49% - 40% - 1:34
PK3 Forward
1 - 0% - 60%
2 - 0% - 40%
PK3 Defense
1 - 0% - 60%
2 - 0% - 40%
44 Forward
1 - 0% - 60%
2 - 0% - 40%
44 Defense
1 - 0% - 60%
2 - 0% - 40%
Last Minute Offensive - 0:00
Last Minute Defensive - 0:00
Total
Forward - 60:00
Defense - 60:00
|
Play by Play
1st period
0:01 of 1st period - Nate Thompson wins face-off versus Martin Hanzal in neutral zone.
0:11 of 1st period - Jonathan Sigalet is hit by Alexander Radulov and loses puck.
0:36 of 1st period - Wrist shot by Jani Rita.
0:36 of 1st period - Deflect By Kris Russell.
0:36 of 1st period - Stopped by Ondrej Pavelec without a rebound.
0:37 of 1st period - Tyler Kennedy wins face-off versus Greg Mauldin in Manchots zone.
0:46 of 1st period - Slapshot by Tyler Kennedy.
0:46 of 1st period - Shot Misses the Net.
1:04 of 1st period - Ilkka Heikkinen is hit by Rich Clune and loses puck.
1:28 of 1st period - Fredrik Sjostrom is hit by Radek Bonk and loses puck.
1:49 of 1st period - Richard Petiot is hit by Mike Brown and loses puck.
3:05 of 1st period - Snap shot by Petr Sykora.
3:05 of 1st period - Stopped by Corey Crawford with a rebound.
3:07 of 1st period - Slapshot by Hal Gill.
3:07 of 1st period - Shot Blocked by Jonathan Sigalet.
3:26 of 1st period - Off-side.
3:27 of 1st period - Radek Bonk wins face-off versus Tyler Kennedy in neutral zone.
3:39 of 1st period - Slapshot by Wade Belak.
3:39 of 1st period - Shot Blocked by Radek Bonk.
4:13 of 1st period - Wade Belak is hit by Jordan Hendry and loses puck.
4:18 of 1st period - Snap shot by Jani Rita.
4:18 of 1st period - Stopped by Ondrej Pavelec with a rebound.
4:43 of 1st period - Backhand shot by Jani Rita.
4:43 of 1st period - Shot Misses the Net.
4:45 of 1st period - Wrist shot by Petr Pohl.
4:45 of 1st period - Shot Misses the Net.
4:47 of 1st period - Slapshot by Jordan Hendry.
4:47 of 1st period - Stopped by Ondrej Pavelec with a rebound.
4:51 of 1st period - Slapshot by Radek Bonk.
4:51 of 1st period - Stopped by Ondrej Pavelec without a rebound.
4:52 of 1st period - Nate Thompson wins face-off versus Jamie Benn in Manchots zone.
4:57 of 1st period - Snap shot by Alex Picard.
4:57 of 1st period - Deflect By Alexander Radulov.
4:57 of 1st period - Stopped by Ondrej Pavelec without a rebound.
4:58 of 1st period - Jamie Benn wins face-off versus Nate Thompson in Manchots zone.
5:13 of 1st period - Snap shot by Alexander Radulov.
5:13 of 1st period - Stopped by Corey Crawford with a rebound.
5:27 of 1st period - Wrist shot by Alexander Radulov.
5:27 of 1st period - Shot Misses the Net.
5:38 of 1st period - Wrist shot by Mike Brown.
5:38 of 1st period - Stopped by Ondrej Pavelec without a rebound.
5:39 of 1st period - Logan Couture wins face-off versus Greg Mauldin in Manchots zone.
5:44 of 1st period - Snap shot by Fredrik Sjostrom.
5:44 of 1st period - Shot Misses the Net.
6:05 of 1st period - Jordan LaVallee is hit by Rich Clune and loses puck.
6:28 of 1st period - Nate Thompson is hit by Hal Gill and loses puck.
6:43 of 1st period - Wrist shot by Martin Hanzal.
6:43 of 1st period - Stopped by Corey Crawford with a rebound.
7:14 of 1st period - Snap shot by Jonathan Sigalet.
7:14 of 1st period - Shot Misses the Net.
7:31 of 1st period - Wrist shot by Radek Bonk.
7:31 of 1st period - Shot Blocked by Eric Gryba.
7:33 of 1st period - Backhand shot by Jonathan Sigalet.
7:33 of 1st period - Stopped by Ondrej Pavelec with a rebound.
7:35 of 1st period - Wrist shot by Radek Bonk.
7:35 of 1st period - Stopped by Ondrej Pavelec with a rebound.
7:48 of 1st period - Icing by Freddy Meyer.
7:49 of 1st period - Martin Hanzal wins face-off versus Nate Thompson in Tamiflu zone.
7:52 of 1st period - Snap shot by Alexander Radulov.
7:52 of 1st period - Shot Misses the Net.
8:26 of 1st period - Off-side.
8:27 of 1st period - Greg Mauldin wins face-off versus Logan Couture in neutral zone.
8:52 of 1st period - Pernell Karl Subban is hit by Petr Pohl and loses puck.
10:11 of 1st period - Wade Belak is hit by Radek Bonk and loses puck.
10:50 of 1st period - Nate Thompson is hit by Logan Couture and loses puck.
10:55 of 1st period - Wrist shot by Fredrik Sjostrom.
10:55 of 1st period - Shot Misses the Net.
11:22 of 1st period - Pavel Trnka is hit by Denis Arkhipov and loses puck.
11:41 of 1st period - Wrist shot by Pierre Dagenais.
11:41 of 1st period - Stopped by Ondrej Pavelec with a rebound.
11:43 of 1st period - Slapshot by Jonathan Sigalet.
11:43 of 1st period - Shot Blocked by Hal Gill.
11:45 of 1st period - Snap shot by Jonathan Sigalet.
11:45 of 1st period - Shot Misses the Net.
11:47 of 1st period - Slapshot by Jonathan Sigalet.
11:47 of 1st period - Deflect By Pierre Dagenais.
11:47 of 1st period - Shot Misses the Net.
11:47 of 1st period - Puck is out of play.
11:48 of 1st period - Logan Couture wins face-off versus Nate Thompson in Manchots zone.
11:48 of 1st period - Logan Couture is hit by Alex Picard.
12:00 of 1st period - Richard Petiot is hit by Mike Brown.
12:18 of 1st period - Snap shot by Radek Bonk.
12:18 of 1st period - Shot Blocked by Richard Petiot.
12:20 of 1st period - Slapshot by Freddy Meyer.
12:20 of 1st period - Shot Misses the Net.
12:22 of 1st period - Slapshot by Jordan Hendry.
12:22 of 1st period - Stopped by Ondrej Pavelec without a rebound.
12:23 of 1st period - Martin Hanzal wins face-off versus Radek Bonk in Manchots zone.
12:28 of 1st period - Snap shot by Alexander Radulov.
12:28 of 1st period - Stopped by Corey Crawford with a rebound.
14:32 of 1st period - Wrist shot by Greg Mauldin.
14:32 of 1st period - Shot Misses the Net.
14:34 of 1st period - Snap shot by Greg Mauldin.
14:34 of 1st period - Shot Misses the Net.
14:36 of 1st period - Snap shot by Greg Mauldin.
14:36 of 1st period - Shot Misses the Net.
14:38 of 1st period - Wrist shot by Pierre Dagenais.
14:38 of 1st period - Shot Misses the Net.
15:03 of 1st period - Snap shot by Denis Arkhipov.
15:03 of 1st period - Shot Misses the Net.
15:05 of 1st period - Snap shot by Denis Arkhipov.
15:05 of 1st period - Shot Misses the Net.
15:29 of 1st period - Jonathan Sigalet is hit by Logan Couture and loses puck.
15:52 of 1st period - Hal Gill is hit by Jonathan Sigalet and loses puck.
15:59 of 1st period - Slapshot by Alexander Radulov.
15:59 of 1st period - Stopped by Corey Crawford with a rebound.
16:09 of 1st period - Jonathan Sigalet is hit by Tyler Kennedy and loses puck.
16:28 of 1st period - Kris Russell is hit by Petr Pohl and loses puck.
16:35 of 1st period - Wrist shot by Jani Rita.
16:35 of 1st period - Shot Misses the Net.
16:37 of 1st period - Slapshot by Jonathan Sigalet.
16:37 of 1st period - Shot Misses the Net.
16:39 of 1st period - Slapshot by Pavel Trnka.
16:39 of 1st period - Stopped by Ondrej Pavelec without a rebound.
16:40 of 1st period - Martin Hanzal wins face-off versus Nate Thompson in Manchots zone.
17:55 of 1st period - Wrist shot by Wade Belak.
17:55 of 1st period - Stopped by Corey Crawford without a rebound.
17:56 of 1st period - Logan Couture wins face-off versus Nate Thompson in Tamiflu zone.
18:09 of 1st period - Snap shot by Fredrik Sjostrom.
18:09 of 1st period - Shot Misses the Net.
18:11 of 1st period - Slapshot by Richard Petiot.
18:11 of 1st period - Stopped by Corey Crawford with a rebound.
18:37 of 1st period - Icing by Jani Rita.
18:38 of 1st period - Denis Arkhipov wins face-off versus Greg Mauldin in Tamiflu zone.
19:05 of 1st period - Jonathan Sigalet is hit by Petr Sykora and loses puck.
19:34 of 1st period - Wrist shot by Jani Rita.
19:34 of 1st period - Stopped by Ondrej Pavelec without a rebound.
19:35 of 1st period - Greg Mauldin wins face-off versus Logan Couture in Manchots zone.
2nd period
0:01 of 2nd period - Martin Hanzal wins face-off versus Nate Thompson in neutral zone.
0:04 of 2nd period - Jonathan Sigalet is hit by Jamie Benn and loses puck.
0:30 of 2nd period - Wrist shot by Radek Bonk.
0:30 of 2nd period - Stopped by Ondrej Pavelec without a rebound.
0:31 of 2nd period - Nate Thompson wins face-off versus Logan Couture in Manchots zone.
0:38 of 2nd period - Snap shot by Mike Brown.
0:38 of 2nd period - Stopped by Ondrej Pavelec without a rebound.
0:39 of 2nd period - Nate Thompson wins face-off versus Logan Couture in Manchots zone.
0:46 of 2nd period - Snap shot by Fredrik Sjostrom.
0:46 of 2nd period - Goal by Fredrik Sjostrom - Tamiflu : 0 - Manchots : 1.
0:47 of 2nd period - Martin Hanzal wins face-off versus Nate Thompson in neutral zone.
1:19 of 2nd period - Hal Gill is hit by Jani Rita and loses puck.
1:32 of 2nd period - Freddy Meyer is hit by Pernell Karl Subban and loses puck.
1:55 of 2nd period - Wrist shot by Denis Arkhipov.
1:55 of 2nd period - Shot Misses the Net.
1:57 of 2nd period - Slapshot by Hal Gill.
1:57 of 2nd period - Stopped by Corey Crawford without a rebound.
1:58 of 2nd period - Martin Hanzal wins face-off versus Nate Thompson in Tamiflu zone.
1:59 of 2nd period - Slapshot by Alexander Radulov.
1:59 of 2nd period - Stopped by Corey Crawford without a rebound.
2:00 of 2nd period - Martin Hanzal wins face-off versus Nate Thompson in Tamiflu zone.
2:27 of 2nd period - Slapshot by Pierre Dagenais.
2:27 of 2nd period - Stopped by Ondrej Pavelec with a rebound.
2:39 of 2nd period - Snap shot by Pierre Dagenais.
2:39 of 2nd period - Shot Misses the Net.
2:45 of 2nd period - Snap shot by Alexander Radulov.
2:45 of 2nd period - Stopped by Corey Crawford with a rebound.
3:19 of 2nd period - Snap shot by Carson Mcmillan.
3:19 of 2nd period - Goal by Carson Mcmillan - Tamiflu : 1 - Manchots : 1.
3:20 of 2nd period - Logan Couture wins face-off versus Nate Thompson in neutral zone.
3:23 of 2nd period - Wrist shot by Fredrik Sjostrom.
3:23 of 2nd period - Shot Misses the Net.
3:36 of 2nd period - Minor Penalty to Freddy Meyer for Tripping.
3:37 of 2nd period - Martin Hanzal wins face-off versus Radek Bonk in Tamiflu zone.
3:38 of 2nd period - Snap shot by Alexander Radulov.
3:38 of 2nd period - Goal by Alexander Radulov - Tamiflu : 1 - Manchots : 2.
3:39 of 2nd period - Nate Thompson wins face-off versus Logan Couture in neutral zone.
4:29 of 2nd period - Hal Gill is hit by Radek Bonk and loses puck.
4:46 of 2nd period - Slapshot by Wade Belak.
4:46 of 2nd period - Goal by Wade Belak - Tamiflu : 1 - Manchots : 3.
4:47 of 2nd period - Martin Hanzal wins face-off versus Nate Thompson in neutral zone.
4:51 of 2nd period - Off-side.
4:52 of 2nd period - Nate Thompson wins face-off versus Martin Hanzal in neutral zone.
4:55 of 2nd period - Snap shot by Nate Thompson.
4:55 of 2nd period - Goal by Nate Thompson - Tamiflu : 2 - Manchots : 3.
4:56 of 2nd period - Nate Thompson wins face-off versus Martin Hanzal in neutral zone.
4:59 of 2nd period - Slapshot by Pavel Trnka.
4:59 of 2nd period - Stopped by Ondrej Pavelec with a rebound.
5:07 of 2nd period - Alex Picard is hit by Jamie Benn and loses puck.
5:22 of 2nd period - Kris Russell is hit by Jani Rita and loses puck.
5:45 of 2nd period - Wrist shot by Wade Belak.
5:45 of 2nd period - Goal by Wade Belak - Tamiflu : 2 - Manchots : 4.
5:45 of 2nd period - Jussi Markkanen enters game.
5:46 of 2nd period - Nate Thompson wins face-off versus Jamie Benn in neutral zone.
5:49 of 2nd period - Martin Hanzal is hit by Pavel Trnka and loses puck.
6:22 of 2nd period - Off-side.
6:23 of 2nd period - Tyler Kennedy wins face-off versus Nate Thompson in neutral zone.
6:48 of 2nd period - Wrist shot by Jani Rita.
6:48 of 2nd period - Shot Misses the Net.
7:36 of 2nd period - Snap shot by Alex Picard.
7:36 of 2nd period - Goal by Alex Picard - Tamiflu : 3 - Manchots : 4.
7:37 of 2nd period - Nate Thompson wins face-off versus Martin Hanzal in neutral zone.
8:15 of 2nd period - Slapshot by Pavel Trnka.
8:15 of 2nd period - Stopped by Ondrej Pavelec without a rebound.
8:16 of 2nd period - Logan Couture wins face-off versus Radek Bonk in Manchots zone.
9:11 of 2nd period - Slapshot by Pavel Trnka.
9:11 of 2nd period - Stopped by Ondrej Pavelec without a rebound.
9:12 of 2nd period - Logan Couture wins face-off versus Nate Thompson in Manchots zone.
10:13 of 2nd period - Minor Penalty to Denis Arkhipov for Roughing.
10:14 of 2nd period - Nate Thompson wins face-off versus Logan Couture in Manchots zone.
12:13 of 2nd period - Penalty to Denis Arkhipov is over, Denis Arkhipov is back on ice.
13:00 of 2nd period - Martin Hanzal is hit by Radek Bonk and loses puck.
13:13 of 2nd period - Snap shot by Petr Sykora.
13:13 of 2nd period - Shot Blocked by Greg Mauldin.
13:34 of 2nd period - Alex Picard is hit by Eric Tangradi and loses puck.
14:01 of 2nd period - Rich Clune is hit by Fredrik Sjostrom and loses puck.
14:22 of 2nd period - Snap shot by Jordan LaVallee.
14:22 of 2nd period - Shot Misses the Net.
14:52 of 2nd period - Slapshot by Jonathan Sigalet.
14:52 of 2nd period - Deflect By Hal Gill.
14:52 of 2nd period - Stopped by Ondrej Pavelec with a rebound.
14:58 of 2nd period - Snap shot by Tyler Haskins.
14:58 of 2nd period - Shot Misses the Net.
15:16 of 2nd period - Snap shot by Tyler Haskins.
15:16 of 2nd period - Stopped by Ondrej Pavelec without a rebound.
15:17 of 2nd period - Logan Couture wins face-off versus Mike Brown in Manchots zone.
15:26 of 2nd period - Wrist shot by Fredrik Sjostrom.
15:26 of 2nd period - Shot Misses the Net.
15:28 of 2nd period - Slapshot by Kris Russell.
15:28 of 2nd period - Shot Misses the Net.
15:30 of 2nd period - Snap shot by Logan Couture.
15:30 of 2nd period - Shot Misses the Net.
15:32 of 2nd period - Snap shot by Logan Couture.
15:32 of 2nd period - Stopped by Jussi Markkanen with a rebound.
15:49 of 2nd period - Martin Hanzal is hit by Jani Rita and loses puck.
16:27 of 2nd period - Nate Thompson is hit by Pernell Karl Subban and loses puck.
16:36 of 2nd period - Alex Picard is hit by Pernell Karl Subban and loses puck.
16:49 of 2nd period - Snap shot by Jordan Hendry.
16:49 of 2nd period - Shot Misses the Net.
16:51 of 2nd period - Wrist shot by Mike Brown.
16:51 of 2nd period - Shot Misses the Net.
16:53 of 2nd period - Backhand shot by Jordan Hendry.
16:53 of 2nd period - Stopped by Ondrej Pavelec with a rebound.
16:55 of 2nd period - Slapshot by Mike Brown.
16:55 of 2nd period - Shot Misses the Net.
17:17 of 2nd period - Wrist shot by Tyler Kennedy.
17:17 of 2nd period - Deflect By Wade Belak.
17:17 of 2nd period - Stopped by Jussi Markkanen without a rebound.
17:18 of 2nd period - Radek Bonk wins face-off versus Logan Couture in Tamiflu zone.
17:43 of 2nd period - Jonathan Sigalet is hit by Alexander Radulov and loses puck.
18:01 of 2nd period - Off-side.
18:02 of 2nd period - Denis Arkhipov wins face-off versus Radek Bonk in neutral zone.
18:27 of 2nd period - Cal Clutterbuck is hit by Nathan Oystrick and loses puck.
18:36 of 2nd period - Snap shot by Jordan LaVallee.
18:36 of 2nd period - Stopped by Jussi Markkanen with a rebound.
18:46 of 2nd period - Slapshot by Jordan LaVallee.
18:46 of 2nd period - Stopped by Jussi Markkanen with a rebound.
18:48 of 2nd period - Snap shot by Denis Arkhipov.
18:48 of 2nd period - Shot Hit the Post.
18:50 of 2nd period - Slapshot by Denis Arkhipov.
18:50 of 2nd period - Stopped by Jussi Markkanen with a rebound.
19:00 of 2nd period - Snap shot by Denis Arkhipov.
19:00 of 2nd period - Stopped by Jussi Markkanen with a rebound.
19:28 of 2nd period - Slapshot by Carson Mcmillan.
19:28 of 2nd period - Shot Blocked by Pernell Karl Subban.
19:34 of 2nd period - Carson Mcmillan is hit by Pernell Karl Subban.
19:48 of 2nd period - Wrist shot by Pavel Trnka.
19:48 of 2nd period - Deflect By Tyler Haskins.
19:48 of 2nd period - Shot Blocked by Pernell Karl Subban.
19:48 of 2nd period - Puck is out of play.
19:49 of 2nd period - Nate Thompson wins face-off versus Logan Couture in Manchots zone.
19:50 of 2nd period - Wrist shot by Mike Brown.
19:50 of 2nd period - Shot Misses the Net.
3rd period
0:01 of 3rd period - Nate Thompson wins face-off versus Martin Hanzal in neutral zone.
0:15 of 3rd period - Snap shot by Alex Picard.
0:15 of 3rd period - Stopped by Ondrej Pavelec without a rebound.
0:16 of 3rd period - Radek Bonk wins face-off versus Logan Couture in Manchots zone.
0:25 of 3rd period - Snap shot by Jani Rita.
0:25 of 3rd period - Stopped by Ondrej Pavelec without a rebound.
0:26 of 3rd period - Logan Couture wins face-off versus Radek Bonk in Manchots zone.
0:33 of 3rd period - Wrist shot by Petr Sykora.
0:33 of 3rd period - Shot Misses the Net.
0:51 of 3rd period - Pernell Karl Subban is hit by Radek Bonk and loses puck.
1:13 of 3rd period - Icing by Jonathan Sigalet.
1:14 of 3rd period - Radek Bonk wins face-off versus Martin Hanzal in Tamiflu zone.
1:14 of 3rd period - Radek Bonk is hit by Richard Petiot.
1:30 of 3rd period - Wrist shot by Jani Rita.
1:30 of 3rd period - Stopped by Ondrej Pavelec without a rebound.
1:31 of 3rd period - Nate Thompson wins face-off versus Tyler Kennedy in Manchots zone.
1:32 of 3rd period - Snap shot by Alex Picard.
1:32 of 3rd period - Stopped by Ondrej Pavelec with a rebound.
1:34 of 3rd period - Snap shot by Nate Thompson.
1:34 of 3rd period - Shot Hit the Post.
1:36 of 3rd period - Wrist shot by Freddy Meyer.
1:36 of 3rd period - Shot Blocked by Wade Belak.
2:05 of 3rd period - Pierre Dagenais is hit by Kris Russell and loses puck.
2:29 of 3rd period - Off-side.
2:30 of 3rd period - Nate Thompson wins face-off versus Logan Couture in neutral zone.
2:33 of 3rd period - Fredrik Sjostrom is hit by Nate Thompson and loses puck.
2:45 of 3rd period - Minor Penalty to Mike Brown for High sticking.
2:46 of 3rd period - Radek Bonk wins face-off versus Martin Hanzal in Tamiflu zone.
4:45 of 3rd period - Penalty to Mike Brown is over, Mike Brown is back on ice.
4:52 of 3rd period - Snap shot by Pierre Dagenais.
4:52 of 3rd period - Shot Misses the Net.
4:58 of 3rd period - Greg Mauldin is hit by Hal Gill and loses puck.
5:13 of 3rd period - Richard Petiot is hit by Nathan Oystrick and loses puck.
6:24 of 3rd period - Alexander Radulov is hit by Mike Brown.
6:32 of 3rd period - Jordan Hendry is hit by Martin Hanzal and loses puck.
7:23 of 3rd period - Wrist shot by Radek Bonk.
7:23 of 3rd period - Stopped by Ondrej Pavelec with a rebound.
7:25 of 3rd period - Slapshot by Petr Pohl.
7:25 of 3rd period - Shot Misses the Net.
7:29 of 3rd period - Snap shot by Jani Rita.
7:29 of 3rd period - Stopped by Ondrej Pavelec with a rebound.
7:39 of 3rd period - Kris Russell is hit by Nathan Oystrick and loses puck.
7:59 of 3rd period - Carson Mcmillan is hit by Tyler Kennedy and loses puck.
8:29 of 3rd period - Icing by Petr Sykora.
8:30 of 3rd period - Greg Mauldin wins face-off versus Logan Couture in Manchots zone.
9:20 of 3rd period - Snap shot by Petr Sykora.
9:20 of 3rd period - Stopped by Jussi Markkanen without a rebound.
9:21 of 3rd period - Nate Thompson wins face-off versus Martin Hanzal in Tamiflu zone.
9:21 of 3rd period - Nate Thompson is hit by Jamie Benn.
9:29 of 3rd period - Snap shot by Martin Hanzal.
9:29 of 3rd period - Stopped by Jussi Markkanen without a rebound.
9:30 of 3rd period - Martin Hanzal wins face-off versus Nate Thompson in Tamiflu zone.
9:43 of 3rd period - Snap shot by Alexander Radulov.
9:43 of 3rd period - Stopped by Jussi Markkanen without a rebound.
9:44 of 3rd period - Mike Brown wins face-off versus Martin Hanzal in Tamiflu zone.
10:16 of 3rd period - Snap shot by Petr Sykora.
10:16 of 3rd period - Shot Hit the Post.
10:28 of 3rd period - Slapshot by Jordan Hendry.
10:28 of 3rd period - Shot Misses the Net.
10:36 of 3rd period - Kris Russell is hit by Pierre Dagenais and loses puck.
11:11 of 3rd period - Wrist shot by Alexander Radulov.
11:11 of 3rd period - Stopped by Jussi Markkanen with a rebound.
11:13 of 3rd period - Wrist shot by Jamie Benn.
11:13 of 3rd period - Shot Blocked by Kyle Lawson.
11:15 of 3rd period - Slapshot by Ilkka Heikkinen.
11:15 of 3rd period - Deflect By Jani Rita.
11:15 of 3rd period - Stopped by Jussi Markkanen without a rebound.
11:16 of 3rd period - Martin Hanzal wins face-off versus Radek Bonk in Tamiflu zone.
11:19 of 3rd period - Slapshot by Alexander Radulov.
11:19 of 3rd period - Stopped by Jussi Markkanen without a rebound.
11:20 of 3rd period - Radek Bonk wins face-off versus Martin Hanzal in Tamiflu zone.
11:31 of 3rd period - Wrist shot by Radek Bonk.
11:31 of 3rd period - Shot Blocked by Alexander Radulov.
11:33 of 3rd period - Snap shot by Petr Pohl.
11:33 of 3rd period - Shot Misses the Net.
11:35 of 3rd period - Slapshot by Petr Pohl.
11:35 of 3rd period - Shot Misses the Net.
12:15 of 3rd period - Snap shot by Jordan LaVallee.
12:15 of 3rd period - Stopped by Jussi Markkanen with a rebound.
12:17 of 3rd period - Slapshot by Pernell Karl Subban.
12:17 of 3rd period - Shot Misses the Net.
13:12 of 3rd period - Snap shot by Nate Thompson.
13:12 of 3rd period - Deflect By Petr Sykora.
13:12 of 3rd period - Shot Misses the Net.
13:12 of 3rd period - Puck is out of play.
13:13 of 3rd period - Nate Thompson wins face-off versus Logan Couture in Manchots zone.
13:40 of 3rd period - Wrist shot by Petr Sykora.
13:40 of 3rd period - Shot Misses the Net.
14:28 of 3rd period - Snap shot by Mike Brown.
14:28 of 3rd period - Stopped by Ondrej Pavelec without a rebound.
14:29 of 3rd period - Martin Hanzal wins face-off versus Radek Bonk in Manchots zone.
15:04 of 3rd period - Wrist shot by Tyler Kennedy.
15:04 of 3rd period - Stopped by Jussi Markkanen without a rebound.
15:05 of 3rd period - Martin Hanzal wins face-off versus Radek Bonk in Tamiflu zone.
15:10 of 3rd period - Snap shot by Martin Hanzal.
15:10 of 3rd period - Deflect By Alexander Radulov.
15:10 of 3rd period - Goal by Alexander Radulov - Tamiflu : 3 - Manchots : 5.
15:11 of 3rd period - Martin Hanzal wins face-off versus Radek Bonk in neutral zone.
15:14 of 3rd period - Slapshot by Martin Hanzal.
15:14 of 3rd period - Shot Blocked by Petr Pohl.
16:09 of 3rd period - Slapshot by Jordan Hendry.
16:09 of 3rd period - Stopped by Ondrej Pavelec without a rebound.
16:10 of 3rd period - Radek Bonk wins face-off versus Alexander Radulov in Manchots zone.
16:15 of 3rd period - Wrist shot by Jani Rita.
16:15 of 3rd period - Deflect By Radek Bonk.
16:15 of 3rd period - Stopped by Ondrej Pavelec with a rebound.
16:18 of 3rd period - Icing by Alexander Radulov.
16:19 of 3rd period - Martin Hanzal wins face-off versus Radek Bonk in Manchots zone.
17:04 of 3rd period - Slapshot by Jani Rita.
17:04 of 3rd period - Shot Blocked by Jamie Benn.
17:12 of 3rd period - Wrist shot by Martin Hanzal.
17:12 of 3rd period - Deflect By Jamie Benn.
17:12 of 3rd period - Shot Misses the Net.
17:12 of 3rd period - Puck is out of play.
17:13 of 3rd period - Logan Couture wins face-off versus Nate Thompson in Tamiflu zone.
17:16 of 3rd period - Wrist shot by Petr Sykora.
17:16 of 3rd period - Stopped by Jussi Markkanen with a rebound.
17:18 of 3rd period - Snap shot by Petr Sykora.
17:18 of 3rd period - Stopped by Jussi Markkanen without a rebound.
17:19 of 3rd period - Logan Couture wins face-off versus Nate Thompson in Tamiflu zone.
18:35 of 3rd period - Snap shot by Petr Sykora.
18:35 of 3rd period - Stopped by Jussi Markkanen with a rebound.
18:48 of 3rd period - Minor Penalty to Pernell Karl Subban for Goalie Interference.
18:49 of 3rd period - Denis Arkhipov wins face-off versus Nate Thompson in Manchots zone.
19:00 of 3rd period - Snap shot by Alex Picard.
19:00 of 3rd period - Deflect By Mike Brown.
19:00 of 3rd period - Stopped by Ondrej Pavelec with a rebound.
19:02 of 3rd period - Slapshot by Pavel Trnka.
19:02 of 3rd period - Shot Misses the Net.
19:04 of 3rd period - Snap shot by Nate Thompson.
19:04 of 3rd period - Stopped by Ondrej Pavelec without a rebound.
19:05 of 3rd period - Denis Arkhipov wins face-off versus Nate Thompson in Manchots zone.
Output by the SimonT Hockey Simulator (STHS) for François Prévost -- Original Page W3C XHTML 1.0 Valid